 Dungeon Crawl Stone Soup version 0.25-a0-161-gb7fd73da8f (webtiles) character file.

Game seed: 8715001590313193505, levelgen mode: deterministic

25 MisterFreud the Vexing (level 2, 0/13 HPs)
             Began as a Felid Wanderer on Nov 21, 2019.
             Slain by a bat (1 damage)
             ... on level 2 of the Dungeon.
             The game lasted 00:01:52 (1573 turns).

MisterFreud the Vexing (Felid Wanderer)             Turns: 1573, Time: 00:01:53

Health: 0/13       AC:  1    Str: 11    XL:     2   Next: 82%
Magic:  6/6        EV: 15    Int: 11    God:
Gold:   91         SH:  0    Dex: 14    Spells: 5/5 levels left
                                        Lives:  0   Deaths: 0

rFire    . . .     SeeInvis +   (weapon unavailable)
rCold    . . .     Gourm    .   (shield unavailable)
rNeg     . . .     Faith    .   (armour unavailable)
rPois    .         Spirit   .   (helmet unavailable)
rElec    .         Reflect  .   (cloak unavailable)
rCorr    .         Harm     .   (gloves unavailable)
MR       .....                  (boots unavailable)
Stlth    +++.......             (no amulet)
HPRegen  0.04/turn              (no ring)
MPRegen  0.10/turn              (no ring)

@: quick
A: very small, no armour, no weapons or thrown items, stealth, claws 1, fangs 3,
see invisible, carnivore, speed 1, shaggy fur 1, slow metabolism 1, sharp paws
a: no special abilities


You were on level 2 of the Dungeon.
You were very full.

You visited 1 branch of the dungeon, and saw 2 of its levels.

You collected 91 gold pieces.

Inventory:

Scrolls
 c - a scroll of identify
Potions
 g - 2 potions of magic
Comestibles
 d - a ration


   Skills:
 + Level 2.5 Fighting
 - Level 2.6 Stealth
 - Level 2.0 Spellcasting
   Level 2.6 Conjurations
   Level 4.4 Hexes


You had 5 spell levels left.
You didn't know any spells.
Your spell library contained the following spells:

 Spells                   Type           Power        Failure   Level  Hunger
 Corona                   Hex            ##.....      4%          1    ##.....
 Magic Dart               Conj           #...         10%         1    ##.....
 Confuse                  Hex            ##......     14%         3    ####...
 Tukima's Dance           Hex            ##......     14%         3    ####...
 Ensorcelled Hibernation  Hex/Ice        #.....       19%         2    ###....
 Dazzling Spray           Conj/Hex       #.....       21%         3    ####...
 Apportation              Tloc           #.....       28%         1    ##.....
 Static Discharge         Conj/Air       #.......     45%         3    ####...
 Recall                   Summ/Tloc      N/A          65%         3    ####...


Dungeon Overview and Level Annotations

Branches:
Dungeon (2/15)

Altars:


Innate Abilities, Weirdness & Mutations

You cannot wear armour.
You are incapable of wielding weapons or throwing items.
Your paws allow you to move quietly. (Stealth)
You have sharp claws.
You have razor-sharp teeth.
You have supernaturally acute eyesight. (SInv)
You are carnivorous and can eat meat at any time.
You cover ground quickly.
You are covered in fur. (AC +1)
You have a slow metabolism.
Your sharp claws are effective at attacking unaware monsters.


Message History

No target in view!
No target in view!
The bat barely misses you.
The kobold hits you with a +0 short sword.
The bat closely misses you.
You miss the bat. Your bite misses the bat.
The bat hits you but does no damage.
The kobold hits you with a +0 short sword.
* * * LOW HITPOINT WARNING * * *
You are too injured to fight recklessly!
The bat closely misses you. The bat completely misses you. The bat hits you.
* * * LOW HITPOINT WARNING * * *
A worm comes into view.
The bat hits you but does no damage. The bat hits you.
* * * LOW HITPOINT WARNING * * *
The bat hits you but does no damage. The bat closely misses you.
The bat hits you.
You die...

# #.# ....
#####.#.########...w.
.......<.............
.###....%%%.........
######......##..#...
... #..............
....##..............
..%.....###.....#...
.......@###K..#.....
....##..b....###.##
.... ##.####..# ..#
.. #.# ##.....?. ..#
#...... .... .###
##... ## #... #..


You could see a bat.

Vanquished Creatures
  A leopard gecko (D:1)
  A giant cockroach (D:1)
  5 goblins (D:1)
  A hobgoblin (D:1)
  7 kobolds (D:1)
  3 bats (D:1)
  4 rats (D:1)
22 creatures vanquished.

Notes
Turn   | Place    | Note
-------+----------+-------------------------------------------
     0 | D:1      | MisterFreud the Felid Wanderer began the quest for the Orb.
     0 | D:1      | MisterFreud set off with the following items: a ration; and
                  | the following spells available to memorise: Corona, Magic
                  | Dart, Confuse, Tukima's Dance, Ensorcelled Hibernation,
                  | Dazzling Spray, Apportation, Static Discharge, Recall
     0 | D:1      | Reached XP level 1. HP: 7/7 MP: 4/4
    53 | D:1      | Reached skill level 1 in Fighting
   611 | D:1      | Reached XP level 2. HP: 9/13 MP: 6/6
  1573 | D:2      | Slain by a bat

Levels and vault maps discovered:
D:1:      kennysheep_arrival_seaside, layout_loops_cross, minmay_quantized
D:2:      layout_rooms, eat_drink_and_be_merry_uskayaw, first_ration,
          st_stairs_11, bloody_trog

Skill      XL: |  1  2 |
---------------+-------+-----
Fighting       | 1 2 |  2.5
Stealth        | |  2.6
Spellcasting   | |  2.0
Conjurations   | |  2.6
Hexes          | |  4.4

Action                   || total
-------------------------++-------
Melee: Unarmed           ||    55
       Bite              ||     4
  Use: Scroll            ||     5
 Stab: Sleeping          ||     6
  Eat: Chunk             ||     8
Armor: Skin              ||     5
Dodge: Dodged            ||    38

Table legend:
 A = Non-vault XP
 B = Vault XP
 C = Vault XP percentage of total XP
 D = Non-vault monster count
 E = Vault monster count
 F = Vault count percentage of total count
                 A         B        C        D         E       F
            +---------+---------+-------+---------+---------+-------
      Total |      27 |       9 |  25.0 |      17 |       5 |  22.7
            +---------+---------+-------+---------+---------+-------
        D:1 |      27 |       9 |  25.0 |      17 |       5 |  22.7
            +---------+---------+-------+---------+---------+-------
